Map: Proxima Station LE

Players

TYTY (TY) - Winner!

  • Race: Terran Terran
  • Spawn Location: 7:00

Zest

  • Race: Protoss Protoss
  • Spawn Location: 1:00

Event: IEM XI Katowice - World Championship 2017

VOD

https://www.youtube.com/watch?v=0bnqhsojkPI&t=851s

Description

Time

  • Played on: March 4, 2017, 6:36 a.m.
  • Length: 14:06

All games in this series

Show
View Real Time Build Order
Export as new Build Order

TYTY Terran - Winner!

Build Orders: Reaper Expand, MMM Bio 

Get SALT Encoding   

  12  0:00  SCV  
  13  0:12  SCV  
  14  0:18  Supply Depot  
  14  0:25  SCV  
  15  0:30  Refinery  
  15  0:40  SCV  
  16  0:44  Barracks  
  16  0:52  SCV  
  17  1:04  SCV  
  18  1:16  SCV  
  19  1:31  Reaper, Orbital Command  
  20  1:50  Command Center  
  20  1:57  SCV  
  21  2:04  Barracks Reactor  
  21  2:13  Supply Depot  
  21  2:16  Factory, SCV  
  21  2:22  Refinery  
  22  2:28  SCV  
  23  2:40  Marine x2, SCV  
  26  2:52  SCV  
  26  2:58  Marine x2  
  28  3:04  SCV  
  30  3:06  Orbital Command  
  30  3:07  Starport  
  30  3:09  Widow Mine  
  32  3:16  Marine  
  32  3:17  Marine, SCV  
  35  3:29  SCV  
  36  3:37  Widow Mine, SCV  
  36  3:41  SCV  
  40  3:42  Marine x2  
  40  3:45  Medivac  
  43  3:49  SCV  
  43  3:54  Supply Depot  
  43  3:55  SCV  
  45  4:00  Marine x2  
  44  4:03  SCV  
  44  4:07  SCV  
  46  4:13  Supply Depot x2  
  46  4:15  Widow Mine  
  46  4:16  Viking  
  50  4:18  SCV  
  50  4:22  Marine x2  
  53  4:29  SCV  
  53  4:30  Barracks  
  54  4:34  SCV  
  55  4:41  SCV, Barracks  
  56  4:46  Widow Mine  
  56  4:50  Marine x2  
  60  4:56  SCV  
  60  4:57  SCV  
  62  5:00  Starport Tech Lab  
  62  5:02  Supply Depot  
  62  5:08  Marine x2, SCV  
  62  5:09  SCV  
  66  5:14  Widow Mine  
  65  5:23  SCV x2  
  65  5:25  Engineering Bay  
  65  5:26  Marine x2, Stimpack  
  69  5:30  Command Center  
  69  5:34  Marine  
  69  5:37  Starport Reactor  
  69  5:38  SCV x2  
  69  5:40  Barracks Reactor  
  69  5:42  Supply Depot, Refinery  
  70  5:44  Marine  
  73  5:50  Marine  
  73  5:56  Liberator x2, SCV x2  
  75  5:57  Marine  
  75  6:01  Terran Infantry Weapons Level 1, Marine  
  77  6:06  Barracks  
  77  6:07  Supply Depot, Barracks  
  77  6:08  Missile Turret  
  77  6:09  Marine  
  72  6:15  Marine  
  72  6:18  SCV  
  80  6:19  Marine  
  80  6:20  Refinery  
  80  6:25  Marine x2  
  82  6:26  SCV  
  82  6:29  Supply Depot  
  82  6:30  Marine  
  85  6:34  Marauder  
  85  6:35  Missile Turret, SCV  
  87  6:41  Marine  
  87  6:43  Marine  
  89  6:47  SCV  
  89  6:48  Orbital Command  
  89  6:51  Marine x2  
  92  6:54  Barracks Tech Lab x2  
  92  6:58  Marauder  
  92  7:00  SCV  
  95  7:02  SCV  
  95  7:04  Medivac  
  95  7:05  Medivac  
  95  7:07  Orbital Command  
  100  7:11  Marine x2  
  100  7:18  SCV x2  
  105  7:25  Liberator x2  
  105  7:28  Engineering Bay  
  105  7:29  Armory  
  105  7:30  SCV x2  
  105  7:32  SCV  
  105  7:34  Marine x4  
  105  7:36  Missile Turret  
  108  7:42  Bunker, SCV  
  115  7:44  Combat Shields  
  115  7:46  Concussive Shells  
  115  7:47  SCV x2  
  117  7:57  Supply Depot  
  117  8:04  Missile Turret  
  117  8:05  Supply Depot x2  
  117  8:06  Supply Depot, Missile Turret  
  117  8:09  Supply Depot  
  117  8:12  Supply Depot  
  117  8:17  Terran Infantry Weapons Level 2  
  117  8:18  Terran Infantry Armor Level 1, SCV  
  117  8:19  SCV  
  119  8:20  Command Center  
  119  8:24  Marine x3  
  122  8:27  Factory  
  122  8:28  Medivac  
  122  8:29  Medivac  
  122  8:32  Terran Ship Weapons Level 1  
  126  8:34  Marauder  
  126  8:35  Marine, Marauder  
  126  8:37  SCV  
  126  8:40  Refinery  
  133  8:41  Marine, Refinery  
  133  8:42  Marine  
  134  8:49  Marine  
  134  8:50  Supply Depot x2  
  135  8:56  Missile Turret  
  135  8:58  SCV  
  135  8:59  SCV x2  
  135  9:00  Viking  
  139  9:03  Viking, Ghost Academy  
  141  9:11  SCV x2  
  141  9:12  Starport, Sensor Tower, Factory Reactor  
  143  9:21  Marine x4  
  151  9:30  Viking  
  152  9:32  Viking  
  154  9:40  Missile Turret  
  154  9:41  Ghost x3  
  154  9:43  Marine x4  
  154  9:44  Missile Turret  
  159  10:00  Marine x2, Viking  
  159  10:01  Viking  
  159  10:04  Missile Turret x2  
  159  10:06  Viking  
  166  10:08  Missile Turret  
  166  10:09  Missile Turret  
  166  10:10  Marine x2  
  166  10:14  SCV x2  
  170  10:18  Missile Turret  
  170  10:20  Marine, Marauder x2  
  175  10:22  SCV  
  176  10:30  Planetary Fortress  
  176  10:32  Missile Turret  
  176  10:34  Missile Turret  
  176  10:43  Terran Infantry Weapons Level 3, Terran Infantry Armor Level 2  
  176  10:44  SCV  
  176  10:49  Marine x2, Marauder x3  
  185  10:51  Marine  
  186  11:02  Barracks  
  186  11:04  Marine, Barracks  
  179  11:07  Marine, SCV x2  
  177  11:18  Ghost x2  
  175  11:24  Marine x2, Ghost  
  175  11:25  Marine x2  
  183  11:34  Terran Vehicle And Ship Armor Level 1  
  183  11:35  Medivac x3  
  183  11:36  Medivac  
  194  11:42  Marine x2  
  194  11:45  Personal Cloaking  
  196  11:49  Ghost  
  196  11:51  Barracks Tech Lab, Barracks Reactor  
  196  11:52  Marine  
  196  11:54  Marine  
  196  11:55  Supply Depot  
  196  11:58  Missile Turret x2  
  196  12:07  Factory Tech Lab  
  196  12:13  Marine  
  196  12:16  Marine  
  197  12:31  Marine, Marauder  
  200  12:39  Missile Turret x3  
  200  12:40  Missile Turret x2  
  200  12:41  Missile Turret  
  188  12:54  Marine x6, Marauder  
  177  13:01  Thor  
  177  13:02  Medivac x2  
  189  13:08  Ghost x3  
  189  13:12  Marine x2  
  188  13:13  SCV  
  188  13:19  Marine x2, Marauder  
  190  13:20  Missile Turret  
  190  13:22  Command Center  
  190  13:27  Missile Turret  
  190  13:37  Missile Turret, Marauder  
  190  13:38  Missile Turret  
  192  13:42  Missile Turret  
Show
View Real Time Build Order
Export as new Build Order

Zest Protoss 

Build Orders: 1 Gate Expand, Oracle Opening 

Get SALT Encoding   

  12  0:01  Probe (Chrono Boost)  
  13  0:11  Probe (Chrono Boost)  
  14  0:17  Pylon  
  14  0:22  Probe (Chrono Boost)  
  15  0:35  Probe (Chrono Boost)  
  16  0:36  Gateway  
  16  0:46  Probe (Chrono Boost)  
  16  0:47  Assimilator  
  17  0:56  Probe (Chrono Boost)  
  18  1:07  Probe (Chrono Boost)  
  19  1:20  Nexus  
  19  1:30  Cybernetics Core  
  19  1:34  Probe (Chrono Boost)  
  19  1:39  Assimilator  
  20  1:44  Probe (Chrono Boost)  
  21  1:50  Pylon  
  21  1:55  Probe (Chrono Boost)  
  24  2:08  Mothership Core (Chrono Boost)  
  24  2:10  Warp Gate  
  24  2:14  Adept  
  26  2:26  Probe (Chrono Boost)  
  27  2:32  Probe (Chrono Boost)  
  28  2:37  Probe (Chrono Boost)  
  28  2:42  Stargate, Probe (Chrono Boost)  
  30  2:48  Probe (Chrono Boost)  
  31  2:53  Probe (Chrono Boost)  
  33  2:58  Probe (Chrono Boost)  
  33  3:03  Probe (Chrono Boost)  
  34  3:09  Probe (Chrono Boost)  
  34  3:10  Adept  
  37  3:14  Probe (Chrono Boost)  
  37  3:17  Gateway  
  38  3:21  Oracle, Probe (Chrono Boost)  
  38  3:25  Probe (Chrono Boost)  
  44  3:35  Probe (Chrono Boost)  
  44  3:36  Probe (Chrono Boost)  
  45  3:46  Probe (Chrono Boost)  
  45  3:47  Probe (Chrono Boost)  
  46  4:04  Pylon  
  46  4:15  Nexus  
  46  4:17  Pylon  
  46  4:19  Phoenix  
  46  4:22  Gateway, Probe (Chrono Boost)  
  46  4:23  Gateway  
  50  4:24  Probe (Chrono Boost)  
  50  4:29  Assimilator  
  50  4:32  Assimilator  
  50  4:34  Twilight Council  
  50  4:35  Probe (Chrono Boost)  
  50  4:37  Probe (Chrono Boost), Forge  
  52  4:40  Phoenix  
  54  4:45  Adept  
  54  4:46  Adept  
  57  4:59  Probe (Chrono Boost)  
  56  5:00  Probe (Chrono Boost)  
  56  5:05  Phoenix  
  54  5:11  Adept x2  
  60  5:14  Probe (Chrono Boost)  
  60  5:16  Probe (Chrono Boost)  
  62  5:26  Probe (Chrono Boost)  
  62  5:28  Pylon, Probe (Chrono Boost)  
  65  5:35  Probe (Chrono Boost)  
  65  5:36  Pylon  
  65  5:37  Phoenix  
  65  5:41  Probe (Chrono Boost)  
  69  5:50  Probe (Chrono Boost)  
  69  5:55  Adept x4  
  72  5:58  Probe (Chrono Boost)  
  72  5:59  Protoss Ground Weapons Level 1  
  72  6:00  Probe (Chrono Boost)  
  72  6:01  Probe (Chrono Boost)  
  72  6:03  Resonating Glaives  
  75  6:11  Probe (Chrono Boost)  
  75  6:13  Probe x2 (Chrono Boost)  
  76  6:19  Phoenix  
  76  6:23  Probe (Chrono Boost)  
  76  6:25  Probe x2 (Chrono Boost)  
  81  6:30  Pylon  
  81  6:33  Pylon  
  81  6:34  Adept x4  
  81  6:35  Probe (Chrono Boost)  
  90  6:43  Probe x2 (Chrono Boost)  
  90  6:44  Phoenix  
  93  6:47  Probe (Chrono Boost)  
  93  6:51  Pylon  
  93  6:53  Pylon  
  97  6:55  Probe x2 (Chrono Boost)  
  97  7:05  Pylon  
  97  7:07  Probe x2 (Chrono Boost)  
  99  7:09  Protoss Air Weapons Level 1  
  99  7:20  Phoenix  
  98  7:27  Adept  
  98  7:28  Adept x3  
  107  7:35  Pylon, Probe x3 (Chrono Boost)  
  110  7:39  Nexus  
  110  7:41  Pylon, Phoenix  
  110  7:45  Stargate  
  110  7:48  Protoss Ground Armor Level 1  
  115  8:00  Probe x3 (Chrono Boost)  
  115  8:02  Assimilator  
  115  8:04  Phoenix  
  115  8:05  Assimilator  
  115  8:07  Gateway  
  115  8:08  Gateway  
  115  8:10  Gateway  
  115  8:11  Gateway  
  117  8:14  Adept  
  117  8:15  Adept x2  
  117  8:16  Adept  
  125  8:25  Probe x2 (Chrono Boost)  
  128  8:28  Phoenix, Probe (Chrono Boost)  
  128  8:32  Phoenix  
  130  8:41  Pylon  
  132  8:44  Pylon  
  132  8:53  Adept x4  
  140  8:58  Phoenix  
  140  8:59  Phoenix, Photon Cannon  
  140  9:00  Photon Cannon  
  144  9:06  Protoss Air Armor Level 1  
  148  9:10  Pylon, Probe x4 (Chrono Boost)  
  148  9:19  Pylon  
  148  9:24  Protoss Ground Weapons Level 2  
  148  9:33  Phoenix  
  148  9:34  Phoenix  
  152  9:42  Adept x7  
  152  9:43  Adept  
  168  9:49  Pylon  
  168  9:52  Probe x4 (Chrono Boost)  
  172  10:01  Phoenix x2  
  176  10:10  Adept x2  
  176  10:11  Adept x6  
  176  10:14  Gateway  
  192  10:27  Phoenix x2  
  196  10:42  Adept x2  
  145  11:13  Adept x7  
  145  11:14  Adept  
  145  11:16  Phoenix  
  145  11:17  Phoenix  
  141  11:22  Protoss Ground Armor Level 2  
  141  11:26  Adept  
  143  11:34  Adept x4  
  143  11:35  Adept x4  
  143  11:38  Phoenix x2  
  163  11:56  Adept x9  
  163  12:01  Phoenix x2  
  185  12:21  Adept x7  
  199  12:27  Nexus  
  199  12:40  Nexus  
  199  12:42  Pylon  
  131  13:01  Adept x8  
  131  13:02  Adept  
  125  13:23  Adept  
  125  13:25  Adept x8  
  143  13:46  Adept x8  

Tags
 
Add a new tag
Caveats
  • Supply blocks, unpowered buildings, or Contaminate may cause inaccurate times.
  • Supply counts are checked every 10 seconds.